Map: Usina Ácida LE

Players

IagoAbreu - Winner!

  • Race: Protoss Protoss
  • League: Gold
  • Spawn Location: 11:00

Raito

  • Race: Protoss Protoss
  • Spawn Location: 5:00

VOD

Have the link to the VOD?

Description

Time

  • Played on: March 10, 2018, 9:13 a.m.
  • Length: 19:14
Show
View Real Time Build Order
Export as new Build Order

IagoAbreu Protoss - Winner!

Build Orders:  

Get SALT Encoding   

  12  0:11  Pylon  
  12  0:15  Probe (Chrono Boost)  
  13  0:25  Probe (Chrono Boost)  
  14  0:31  Probe  
  15  0:36  Gateway  
  15  0:43  Probe  
  16  0:57  Forge  
  16  1:00  Probe  
  17  1:13  Pylon  
  17  1:17  Assimilator  
  17  1:19  Assimilator  
  17  1:24  Probe (Chrono Boost)  
  18  1:32  Cybernetics Core  
  18  1:34  Probe (Chrono Boost)  
  19  1:51  Probe  
  20  2:03  Probe  
  21  2:16  Nexus  
  21  2:21  Pylon  
  21  2:31  Stargate  
  21  2:32  Protoss Air Weapons Level 1 (Chrono Boost)  
  21  2:48  Photon Cannon, Probe (Chrono Boost)  
  22  2:56  Assimilator  
  22  2:59  Probe (Chrono Boost)  
  23  3:09  Photon Cannon  
  23  3:19  Assimilator, Probe  
  24  3:33  Stargate  
  24  3:37  Probe (Chrono Boost)  
  27  3:48  Probe (Chrono Boost)  
  27  3:50  Probe (Chrono Boost)  
  27  3:53  Probe (Chrono Boost)  
  28  3:58  Probe  
  28  4:01  Stargate  
  29  4:03  Probe  
  29  4:06  Stargate  
  30  4:19  Probe (Chrono Boost)  
  31  4:30  Probe (Chrono Boost)  
  32  4:35  Probe (Chrono Boost)  
  33  4:42  Void Ray x2  
  41  4:46  Probe  
  42  4:53  Phoenix  
  44  5:00  Phoenix  
  44  5:03  Probe (Chrono Boost)  
  47  5:13  Probe (Chrono Boost)  
  49  5:15  Probe (Chrono Boost)  
  49  5:18  Probe (Chrono Boost)  
  50  5:22  Oracle (Chrono Boost)  
  53  5:34  Pylon  
  53  5:38  Pylon  
  53  6:05  Void Ray x2 (Chrono Boost)  
  53  6:08  Probe (Chrono Boost), Nexus  
  63  6:18  Probe (Chrono Boost)  
  63  6:19  Pylon  
  63  6:22  Pylon  
  63  6:23  Probe (Chrono Boost)  
  64  6:35  Photon Cannon, Probe  
  65  6:43  Void Ray x2 (Chrono Boost)  
  73  7:03  Protoss Air Armor Level 1 (Chrono Boost)  
  81  7:23  Void Ray x2 (Chrono Boost)  
  85  7:31  Probe (Chrono Boost)  
  85  7:33  Void Ray (Chrono Boost)  
  86  7:38  Stalker  
  86  7:41  Void Ray (Chrono Boost), Probe (Chrono Boost)  
  89  7:46  Probe (Chrono Boost)  
  94  7:54  Protoss Shields Level 1 (Chrono Boost)  
  94  7:57  Probe  
  95  8:08  Stalker  
  95  8:09  Probe  
  98  8:25  Probe (Chrono Boost)  
  99  8:33  Probe (Chrono Boost)  
  100  8:37  Robotics Facility  
  100  8:39  Probe  
  101  8:50  Pylon  
  101  8:54  Pylon  
  101  8:57  Pylon  
  101  9:08  Probe  
  102  9:14  Stargate  
  102  9:16  Stargate  
  102  9:20  Stargate  
  102  9:22  Fleet Beacon  
  102  9:25  Phoenix x2 (Chrono Boost)  
  102  9:27  Phoenix (Chrono Boost)  
  110  9:32  Phoenix (Chrono Boost)  
  110  9:53  Warp Prism  
  110  9:55  Stalker  
  114  10:03  Pylon  
  114  10:06  Pylon  
  114  10:09  Pylon  
  114  10:11  Pylon  
  114  10:15  Photon Cannon  
  114  10:17  Photon Cannon  
  114  10:18  Photon Cannon  
  114  10:21  Photon Cannon  
  114  10:25  Stalker  
  95  10:51  Tempest x4  
  111  11:39  Void Ray x3  
  123  11:44  Assimilator  
  123  11:46  Assimilator  
  123  12:41  Void Ray x2 (Chrono Boost)  
  123  12:42  Void Ray x4 (Chrono Boost)  
  147  13:25  Phoenix x2  
  147  13:26  Phoenix x3  
  157  13:34  Pylon  
  157  13:35  Pylon  
  157  13:38  Pylon  
  157  13:40  Pylon  
  157  13:52  Phoenix x2  
  161  14:07  Void Ray x2  
  161  14:08  Void Ray x2  
  177  14:11  Void Ray  
Show
View Real Time Build Order
Export as new Build Order

Raito Protoss 

Build Orders:  

Get SALT Encoding   

  12  0:12  Probe  
  13  0:24  Probe (Chrono Boost)  
  13  0:25  Pylon  
  14  0:35  Probe (Chrono Boost)  
  15  0:46  Gateway  
  15  0:48  Probe  
  16  1:00  Probe  
  17  1:08  Assimilator  
  17  1:12  Probe (Chrono Boost)  
  17  1:14  Pylon  
  17  1:16  Assimilator  
  18  1:24  Probe (Chrono Boost)  
  19  1:31  Probe (Chrono Boost)  
  20  1:44  Probe  
  21  1:48  Zealot  
  23  1:57  Probe  
  23  1:59  Pylon  
  24  2:02  Pylon  
  24  2:14  Forge  
  24  2:15  Zealot  
  26  2:42  Zealot  
  28  2:48  Nexus  
  28  2:56  Cybernetics Core  
  28  3:00  Gateway  
  28  3:01  Protoss Shields Level 1 (Chrono Boost)  
  28  3:21  Photon Cannon  
  28  3:25  Photon Cannon  
  28  3:34  Warp Gate  
  28  3:46  Stargate  
  28  4:11  Stalker x2 (Chrono Boost)  
  32  4:20  Probe  
  33  4:32  Probe  
  32  4:44  Probe  
  33  4:53  Protoss Ground Weapons Level 1  
  33  4:56  Probe  
  34  5:04  Fleet Beacon  
  34  5:08  Probe  
  34  5:13  Pylon  
  35  5:20  Probe (Chrono Boost)  
  36  5:30  Probe (Chrono Boost)  
  36  5:35  Probe (Chrono Boost)  
  37  5:36  Photon Cannon  
  37  5:37  Photon Cannon  
  37  5:40  Photon Cannon  
  38  5:45  Shield Battery  
  38  5:58  Assimilator  
  38  6:02  Assimilator  
  38  6:10  Stalker  
  38  6:11  Stalker  
  42  6:15  Graviton Catapult  
  42  6:23  Stargate x2  
  42  6:26  Stargate, Probe (Chrono Boost)  
  43  6:36  Probe (Chrono Boost)  
  44  6:41  Probe (Chrono Boost)  
  44  6:45  Stalker  
  44  6:46  Stalker  
  49  7:02  Probe (Chrono Boost)  
  50  7:12  Probe (Chrono Boost)  
  51  7:16  Probe (Chrono Boost)  
  58  7:28  Carrier (Chrono Boost)  
  64  7:37  Carrier (Chrono Boost)  
  64  7:42  Stalker x2  
  68  8:37  Pylon  
  68  8:39  Pylon  
  68  8:41  Pylon  
  68  8:43  Pylon  
  68  8:45  Pylon  
  68  8:56  Carrier (Chrono Boost)  
  68  9:01  Twilight Council  
  74  9:28  Nexus  
  74  9:29  Photon Cannon  
  74  9:30  Photon Cannon  
  74  9:31  Photon Cannon  
  74  9:42  Carrier (Chrono Boost)  
  80  10:12  Pylon  
  80  10:22  Pylon  
  80  10:24  Pylon  
  34  11:03  Carrier (Chrono Boost)  
  22  11:08  Protoss Air Weapons Level 1  
  22  11:11  Carrier (Chrono Boost)  
  42  11:26  Probe (Chrono Boost)  
  41  11:35  Probe (Chrono Boost)  
  42  11:40  Probe (Chrono Boost)  
  37  11:53  Nexus  
  24  13:10  Nexus  
  24  13:16  Probe (Chrono Boost)  
  21  13:47  Pylon  
  21  13:56  Probe  
  19  14:08  Probe  
Tags
 
League
Gold
Matchup
PvP
Spawn Locations
Cross Positions
Add a new tag
Caveats
  • Supply blocks, unpowered buildings, or Contaminate may cause inaccurate times.
  • Supply counts are checked every 10 seconds.